 Dungeon Crawl Stone Soup version 0.20.1-1-g8b1a95d (webtiles) character file.

42 vatarom the Caller (level 3, -7/26 HPs)
             Began as a Demonspawn Summoner on Sept 26, 2017.
             Mangled by a gnoll
             ... wielding a +0 halberd
              (14 damage)
             ... on level 2 of the Dungeon.
             The game lasted 00:05:19 (1497 turns).

vatarom the Caller (Demonspawn Summoner)            Turns: 1497, Time: 00:05:20

Health: -7/26      AC:  2    Str:  8    XL:     3   Next: 35%
Magic:  1/6        EV: 12    Int: 17    God:
Gold:   63         SH:  0    Dex: 13    Spells: 0/6 levels left

rFire    . . .     SeeInvis .   d - +0 whip (elec)
rCold    . . .     Gourm    .   (no shield)
rNeg     . . .     Faith    .   a - +0 robe
rPois    .         Spirit   .   (no helmet)
rElec    .         Reflect  .   (no cloak)
rCorr    .         Harm     .   (no gloves)
MR       .....                  (no boots)
Stlth    ++........             (no amulet)
Regen    0.1/turn               (no ring)
MPRegen  0.1/turn               (no ring)

@: very slightly contaminated
A: hooves 1, demonic guardian 1
a: no special abilities


You were on level 2 of the Dungeon.
You were very hungry.

You visited 1 branch of the dungeon, and saw 2 of its levels.

You collected 63 gold pieces.

Inventory:

Hand Weapons
 d - a +0 whip of electrocution (weapon)
 j - a +0 trident
Armour
 a - a +0 robe (worn)
Potions
 e - a potion of magic {unknown}
 f - 2 potions of heal wounds
Books
 b - a book of Callings

   Spells                             Type                      Level
   a - Summon Small Mammal            Summoning                    1
   b - Call Imp                       Summoning                    2
   c - Call Canine Familiar           Summoning                    3
   d - Summon Guardian Golem          Hexes/Summoning              3
   e - Summon Lightning Spire         Summoning/Air                4
   f - Summon Ice Beast               Ice/Summoning                4
Comestibles
 c - a bread ration
 g - a royal jelly


   Skills:
 + Level 1.6 Fighting
 - Level 1.7 Dodging
 - Level 1.7 Stealth
 + Level 2.2 Spellcasting
 * Level 4.6 Summonings


You couldn't memorise any spells.
You knew the following spells:

 Your Spells              Type           Power        Failure   Level  Hunger
a - Summon Small Mammal   Summ           ###.         2%          1    #......
b - Call Imp              Summ           ###.....     4%          2    ###....
c - Call Canine Familiar  Summ           ###.....     9%          3    ###....


Dungeon Overview and Level Annotations

Branches:
Dungeon (2/15)

Altars:


Innate Abilities, Weirdness & Mutations

You have large cloven feet.
A weak demonic guardian rushes to your aid.


Message History

Attack!
Your hound closely misses the gnoll.
Your hound barely misses the gnoll.
The gnoll hits you with a flail.
Your hound bites the gnoll but does no damage.
The gnoll hits your hound with a flail!
Your hound dies!
Your hound's corpse disappears in a puff of smoke!
You completely miss the gnoll.
The gnoll is lightly wounded.
The gnoll closely misses you. The gnoll hits you with a flail!
The gnoll barely misses you.
Your quasit bites the gnoll but does no damage.
Your quasit claws the gnoll.
Your quasit closely misses the gnoll.
You see here an adder corpse.
You butcher the adder corpse.
The gnoll misses your quasit. The gnoll hits you with a flail!
* * * LOW HITPOINT WARNING * * *
Your quasit bites the gnoll.
Your quasit barely misses the gnoll. x2
The gnoll hits you from afar with a halberd!
Ouch! That really hurt!
You die...

.##.....#
##.##
.########
#..# .# ##.##
.# #..# .#
##.## .# #..#
## ## ##.##
.. # #..# .#
#
########@##.#
#
.......#g5#.#
#
........gg..#
#
........#.g##
#
........##.#
#
........##.#
#
............
#
.......#....#
# #######
.....


You could see 4 gnolls and a friendly quasit.

Vanquished Creatures
  An adder (D:2)
  A hobgoblin (D:1)
  3 jackals (D:2)
  2 bats
  2 frilled lizards (D:2)
  A kobold (D:2)
  A rat (D:1)
11 creatures vanquished.

Vanquished Creatures (collateral kills)
  2 adders (D:2)
  A worm (D:2)
  4 bats (D:1)
  A giant cockroach (D:1)
  3 goblins (D:1)
  3 hobgoblins
  A jackal (D:2)
  4 kobolds (D:1)
  A frilled lizard (D:2)
  A rat (D:1)
21 creatures vanquished.

Grand Total: 32 creatures vanquished

Notes
Turn   | Place    | Note
-------+----------+-------------------------------------------
     0 | D:1      | vatarom the Demonspawn Summoner began the quest for the Orb.
     0 | D:1      | Reached XP level 1. HP: 13/13 MP: 3/3
   297 | D:1      | Gained mutation: You have large cloven feet. [demonic ancestry]
   297 | D:1      | Reached XP level 2. HP: 19/20 MP: 3/5
   301 | D:1      | Learned a level 2 spell: Call Imp
   455 | D:1      | Reached skill level 1 in Fighting
  1182 | D:2      | Gained mutation: A weak demonic guardian rushes to your aid. [demonic ancestry]
  1182 | D:2      | Reached XP level 3. HP: 20/26 MP: 2/6
  1422 | D:2      | Learned a level 3 spell: Call Canine Familiar
  1497 | D:2      | Mangled by a gnoll

Skill      XL: |  1  2 |
---------------+-------+-----
Fighting       | 1 |  1.6
Dodging        | |  1.7
Stealth        | |  1.7
Spellcasting   | |  2.2
Summonings     | |  4.6

Action                   || total
-------------------------++-------
Melee: Dagger            ||    25
       Trident           ||    25
       Kick              ||     5
       Whip              ||     6
 Cast: Summon Small Mamm ||    27
       Call Imp          ||     9
       Call Canine Famil ||     1
  Use: Scroll            ||     3
       Potion            ||     3
 Stab: Distracted        ||     1
  Eat: Chunk             ||     2
Armor: Robe              ||    14
Dodge: Dodged            ||    65
